 Dungeon Crawl Stone Soup version 0.30.1-11-g7821555f0a (webtiles) character file.

Game seed: 16886771331650589214

124 RancidPinata the Sneak (level 5, -5/37 HPs)
             Began as an Octopode Delver on Jan 12, 2024.
             Was an Initiate of Ru.
             Slain by Grinder (7 damage)
             ... while paralysed by Grinder
             ... on level 3 of the Dungeon on Jan 13, 2024.
             The game lasted 00:13:04 (2751 turns).

RancidPinata the Sneak (Octopode Delver)            Turns: 2751, Time: 00:13:05

Health: -5/37      AC:  1    Str: 11    XL:     5   Next: 8%
Magic:  5/5        EV:  2    Int: 13    God:    Ru [......]
Gold:   230        SH:  0    Dex: 15    Spells: 3/4 levels left

rFire   . . .        r - +1 dagger (venom)
rCold   . . .        (no shield)
rNeg    . . .        (helmet restricted)
rPois   .            (no amulet)
rElec   .            (no ring)
rCorr   .            (no ring)
SInv    .            (no ring)
Will    .....        (no ring)
Stlth   +++++        (no ring)
HPRegen 0.26/turn    (no ring)
MPRegen 0.09/turn    (no ring)
                     (no ring)

%: no passive effects
@: paralysed
A: almost no armour, amphibious, 8 rings, camouflage 1, gelatinous body 1,
(nimble swimmer 1), tentacles
a: Renounce Religion, Sacrifice Stealth, Sacrifice Love, Sacrifice a Hand,
Reject Sacrifices


You were on level 3 of the Dungeon.
You worshipped Ru.
Ru was noncommittal.
You visited 2 branches of the dungeon, and saw 7 of its levels.

You collected 230 gold pieces.

Inventory:

Hand Weapons
 r - a +1 dagger of venom (weapon)
Missiles
 g - 2 poisoned darts (quivered)
 q - 27 stones
Jewellery
 h - a ring of poison resistance
 t - a ring of poison resistance
 w - an amulet of reflection
 y - an amulet of magic regeneration
Wands
 f - a wand of digging (3)
Scrolls
 b - a scroll of fog
 c - 3 scrolls of magic mapping
 d - 2 scrolls of fear
 j - 7 scrolls of identify {unknown}
 m - 2 scrolls of vulnerability {unknown}
 o - a scroll of enchant armour {unknown}
 p - 4 scrolls of teleportation {unknown}
 s - a scroll of amnesia {unknown}
 v - a scroll of immolation {unknown}
 x - a scroll of blinking {unknown}
 A - a scroll of torment {unknown}
Potions
 a - a potion of attraction {unknown}
 e - a potion of haste
 i - 2 potions of degeneration {unknown}
 k - a potion of cancellation {unknown}
 l - a potion of magic {unknown}
 n - 2 potions of might {unknown}
 u - a potion of lignification {unknown}
 z - a potion of berserk rage {unknown}
 B - a potion of curing {unknown}
 C - 2 potions of resistance {unknown}


   Skills:
 * Level 3.9 Fighting
 + Level 2.7 Short Blades
 + Level 1.3 Throwing
 * Level 3.0 Dodging
 + Level 7.1 Stealth
 + Level 0.0 Spellcasting


You had 3 spell levels left.
You knew the following spells:

 Your Spells              Type           Power      Damage    Failure   Level
a - Magic Dart            Conj           0%         1d3       30%         1

Your spell library contained the following spells:

 Spells                   Type           Power      Damage    Failure   Level
 Apportation              Tloc           0%         N/A       30%         1
 Necrotise                Necr           0%         1d4       30%         1
 Summon Small Mammal      Summ           0%         N/A       30%         1
 Searing Ray              Conj           0%         2d4       43%         2
 Fulminant Prism          Conj/Hex       0%         3d5       97%         4


Dungeon Overview and Level Annotations

Branches:
Dungeon (6/15)             Temple (1/1) D:4

Altars:
Elyvilon
Fedhas
Gozag
Kikubaaqudgha
Makhleb
Okawaru
Ru
Sif Muna
Trog
Uskayaw
Vehumet
Wu Jian
Yredelemnul
Zin
The Shining One

Annotations:
D:3 Grinder


Innate Abilities, Weirdness & Mutations

You cannot wear most types of armour.
You are amphibious.
You can wear up to eight rings at the same time.
Your skin changes colour to match your surroundings (Stealth+).
Your rubbery body absorbs attacks. (AC +1, EV +1)
((You are camouflaged when in or above water. (Stealth+)))
You have tentacles for arms and can constrict up to eight enemies at once.


Message History

Found 16 gold pieces.
You now have 230 gold pieces (gained 16).
A goblin comes into view. It is wielding a +0 club.
The helpless goblin fails to defend itself.
You impale the goblin!!
You kill the goblin!
You see here a +0 club.
Grinder shouts!
Grinder gestures at you.
You suddenly lose the ability to move!
Grinder says, "There's only one good use for a tongue: cutting it out."
Grinder hits you!
You writhe in agony.
Grinder hits you.
You writhe in agony.
Grinder hits you.
You can move again.
You closely miss Grinder. You grab Grinder. You squeeze Grinder!
Grinder is moderately wounded.
You constrict Grinder, but do no damage.
Grinder gestures at you.
You barely resist. You hit Grinder.
Grinder is moderately wounded.
You constrict Grinder. Grinder hits you.
* * * LOW HITPOINT WARNING * * *
You writhe in agony.
* * * LOW HITPOINT WARNING * * *
You hit Grinder.
Grinder is moderately wounded.
You constrict Grinder. You hit Grinder but do no damage.
Grinder is poisoned.
Grinder is moderately wounded.
You constrict Grinder. Grinder gestures at you.
You suddenly lose the ability to move!
You lose your grip on Grinder.
Grinder gestures at you. You resist with significant effort. Grinder hits you!
* * * LOW HITPOINT WARNING * * *
Grinder hits you!
You die...

#.#.............†...#
#############.......[>.#.........
..........)........÷.............
.#########.....#...#####.....####
.# #............# #....##((. .#
#...#.........## #....#(#(# .#
#....#....#...## #....#((#. ##
.[..#......#5..# #....#(#.#
....#.#.....##.#@.######....##(..
....... ..####.#..##........###.#
..... #....#..##.###.#.### ..5..
##......##..# #.#.... .....
#.÷....##.÷.# #.##._. ...##
.###.#...###.#.# #..#... ..##
..............#.# #..##+#
.............##.# ##.....
...........#...#.# ######


You could see Grinder (very poisoned).

Vanquished Creatures
  4 adders
  3 gnolls (D:2)
  4 orcs (D:5)
  3 bats
  5 endoplasms
  A giant cockroach (Temple)
  3 goblins
  7 hobgoblins
  6 kobolds
  5 quokkas
  9 ball pythons
  2 frilled lizards
  3 rats
55 creatures vanquished.

Notes
Turn   | Place    | Note
-------+----------+-------------------------------------------
     0 | D:5      | RancidPinata the Octopode Delver began the quest for the
                  | Orb.
     0 | D:5      | Reached XP level 1. HP: 16/16 MP: 1/1
    14 | D:6      | Noticed an orc wizard
    16 | D:6      | Noticed an iguana
    17 | D:6      | Noticed a hound
    36 | D:5      | Noticed a scorpion
    52 | D:5      | Noticed a water moccasin
    68 | D:5      | Noticed a scorpion
   354 | D:5      | Reached XP level 2. HP: 21/21 MP: 2/2
   461 | D:5      | Noticed a black bear
   515 | D:4      | Noticed a scorpion
   520 | D:4      | Found a staircase to the Ecumenical Temple.
   539 | Temple   | Entered the Ecumenical Temple
   581 | Temple   | Noticed an electric eel
   583 | Temple   | Noticed an electric eel
   585 | Temple   | Noticed an electric eel
   587 | Temple   | Noticed an electric eel
   624 | Temple   | Noticed an electric eel
   667 | Temple   | Became a worshipper of Ru the Awakened
   719 | D:4      | Identified the +5 chain mail of the Eleven Wishes {Fly
                  | Regen+ Str-2 Dex-3}
   759 | D:3      | Noticed Grinder
   851 | D:3      | Reached XP level 3. HP: 26/26 MP: 3/3
  1259 | D:2      | Reached XP level 4. HP: 33/33 MP: 4/4
  1262 | D:2      | Reached skill level 1 in Throwing
  1399 | D:2      | Reached skill level 7 in Stealth
  1962 | D:1      | Reached XP level 5. HP: 36/37 MP: 5/5
  2304 | D:1      | Learned a level 1 spell: Magic Dart
  2676 | D:3      | Noticed a +0 short sword
  2676 | D:3      | Noticed a +0 dagger
  2676 | D:3      | Noticed a +0 spear
  2677 | D:3      | Noticed a +0 dagger
  2677 | D:3      | Noticed a +0 falchion
  2679 | D:3      | Noticed a +0 short sword
  2679 | D:3      | Noticed a +0 falchion
  2679 | D:3      | Noticed a +0 spear
  2689 | D:3      | Found a hide-covered altar of Uskayaw.
  2741 | D:3      | Paralysed by Grinder for 4 turns
  2748 | D:3      | Paralysed by Grinder for 4 turns
  2750 | D:3      | HP: 1/37 [Grinder (8)]
  2751 | D:3      | Slain by Grinder

Illustrated notes

Levels and vault maps discovered:
D:1:      dpeg_arrival_oval, layout_loops_ring
D:2:      kennysheep_six_static_rooms, layout_loops_ring
D:3:      layout_rooms, nicolae_uskayaw_en_pointe, dk_xom_monty_hall,
          eino_tiny_chamber, uniq_grinder
D:4:      layout_basic, nicolae_hepliaklqana_ecumenical_no_more,
          minmay_temple_entry_junction_2, grunt_ministairs_15,
          nicolae_stop_n_shop_1
D:5:      layout_rooms, kennysheep_nondescript, lexackson_kobold_supper
D:6:      layout_cave_pods, ashenzari_altar_1, gammafunk_ghost_split,
          hangedman_decor_riveting, minmay_manual_macuahuitl
Temple:   compressed_dpeg_circular_temple

Skill      XL: |  1  2  3  4 |
---------------+-------------+-----
Throwing       | 1 |  1.3
Stealth        | 7 |  7.1
Dodging        | 3 |  3.0
Fighting       | |  3.9
Short Blades   | |  2.7

Action                     |  1- 3 |  4- 6 || total
---------------------------+-------+-------++-------
  Melee: Short sword       |    29 |       ||    29
         Tentacles         |    13 |     7 ||    20
         Constrict         |    11 |     6 ||    17
         Punch             |     3 |       ||     3
         Dagger            |    13 |    42 ||    55
   Stab: Sleeping          |    11 |    15 ||    26
 Armour: Skin              |     1 |     1 ||     2
  Dodge: Dodged            |    22 |     9 ||    31
